 Dungeon Crawl Stone Soup version 0.29.1-13-g9f3cf754e1 (webtiles) character file.

Game seed: 13076601473621254060

2 Anamonty the Conjurer (level 1, 5/9 HPs)
             Began as a Vine Stalker Conjurer on Sept 4, 2022.
             Got out of the dungeon alive.
             The game lasted 00:01:23 (255 turns).

Anamonty the Conjurer (Vine Stalker Conjurer)        Turns: 255, Time: 00:01:23

Health: 5/9        AC:  2    Str:  9    XL:     1   Next: 40%
Magic:  2/4        EV: 12    Int: 18    God:
Gold:   0          SH:  0    Dex: 12    Spells: 3/4 levels left

rFire   . . .      SeeInvis .   (no weapon)
rCold   . . .      Faith    .   (no shield)
rNeg    . . .      Spirit   +   a - +0 robe
rPois   .          Reflect  .   (no helmet)
rElec   .          Harm     .   (no cloak)
rCorr   .          Rampage  .   (no gloves)
Will    .....                   (no boots)
Stlth   ++........              (no amulet)
HPRegen 0.03/turn               (no ring)
MPRegen 0.09/turn               (no ring)

@: no status effects
A: fangs 2, magic shield, antimagic bite, no potion heal 2
a: no special abilities


You escaped.
You visited 1 branch of the dungeon, and saw 1 of its levels.

Inventory:

Armour
 a - a +0 robe (worn)
Potions
 b - a potion of magic


   Skills:
 + Level 1.6 Dodging
 - Level 2.4 Stealth
 + Level 2.2 Spellcasting
 * Level 4.0 Conjurations


You had 3 spell levels left.
You knew the following spells:

 Your Spells              Type           Power      Damage    Failure   Level
a - Magic Dart            Conj           64%        1d6       3%          1

Your spell library contained the following spells:

 Spells                   Type           Power      Damage    Failure   Level
 Searing Ray              Conj           32%        2d5       4%          2
 Dazzling Flash           Conj/Hex       18%        N/A       22%         3
 Fulminant Prism          Conj/Hex       4%         3d6       58%         4
 Iskenderun's Mystic Bla  Conj/Tloc      9%         2d4       58%         4


Dungeon Overview and Level Annotations

Branches:
Dungeon (1/15)

Altars:


Innate Abilities, Weirdness & Mutations

You have extremely sharp teeth.
When hurt, damage is shared between your health and your magic reserves.
Your bite disrupts and absorbs the magic of your enemies.
Potions cannot restore your health.


Message History

Magic restored.
HP restored.
A bat comes into view.
A bat is nearby!
Welcome back, Anamonty the Vine Stalker Conjurer.
Press ? for a list of commands and other information.
A bat is nearby!
A bat comes into view.
You see here 13 gold pieces.
A giant cockroach, a goblin and a quokka come into view.
The giant cockroach moves out of view.
You see here 13 gold pieces.
The bat attacks as you move away! The bat barely misses you. x2
The bat closely misses you. The bat barely misses you.
You barely miss the bat. The bat hits you. The bat misses you.
The bat barely misses you. The bat attacks as you move away!
The bat misses you. The bat barely misses you. The bat hits you.
The bat attacks as you move away! The bat hits you but does no damage.
The bat closely misses you. The bat barely misses you.
The bat barely misses you. x2
The giant cockroach waves its antennae.
The bat hits you but does no damage. The bat attacks as you move away!
The bat barely misses you. The bat hits you but does no damage.
The bat hits you. The bat misses you.
You open the door. The bat hits you but does no damage. x3
The giant cockroach bites you.
There is an open door here.
The giant cockroach attacks as you move away!
The giant cockroach barely misses you. The giant cockroach misses you.
The giant cockroach attacks as you move away!
The giant cockroach bites you but does no damage.
There is a staircase leading out of the dungeon here.
Are you sure you want to leave the Dungeon?
This will make you lose the game!
Alright, then stay!
Are you sure you want to leave the Dungeon?
This will make you lose the game! The bat hits you but does no damage.
The giant cockroach waves its antennae.
The giant cockroach bites you.
You have escaped!

#..... #..... ## #....
... #... ..##
####..##... +..#.....###
##########B@#........
.#........'.b.....[...
..........#.b#........
..........####........
........### #.........
.##.....# #.......).
.###.....#####.........
..........#รท...##.#####
.P~~~...$.....## .#


You could see a giant cockroach and 2 bats.

Vanquished Creatures
  An endoplasm (D:1)
  2 bats (D:1)
3 creatures vanquished.

Notes
Turn   | Place    | Note
-------+----------+-------------------------------------------
     0 | D:1      | Anamonty the Vine Stalker Conjurer began the quest for the
                  | Orb.
     0 | D:1      | Reached XP level 1. HP: 9/9 MP: 4/4
   239 | D:1      | Upgraded the game from 0.29.0-11-gd7f09526c8 to
                  | 0.29.1-13-g9f3cf754e1
   255 | D:$      | Got out of the dungeon alive.

Illustrated notes

Levels and vault maps discovered:
D:1:      dpeg_arrival_ratfight, layout_rooms, serial_bayou,
          serial_bayou_pond_d, serial_bayou_pond_b, serial_bayou_pond_a,
          serial_bayou_lagoon_b, ebering_ecumenical_altar_box,
          minmay_misc_feat_doors

Action                   || total
-------------------------++-------
Melee: Unarmed           ||     6
       Bite              ||     2
 Cast: Magic Dart        ||     4
Armor: Robe              ||    11
Dodge: Dodged            ||    27
